 Dungeon Crawl Stone Soup version 0.20.1-1-g8b1a95d66d (webtiles) character file.

690 Peloso the Slasher (level 7, -13/46 HPs)
             Began as a Halfling Fighter on Nov 19, 2017.
             Killed from afar by Pikel (24 damage)
             ... with a wand of acid (?/15)
             ... on level 4 of the Dungeon.
             The game lasted 00:09:33 (3305 turns).

Peloso the Slasher (Halfling Fighter)               Turns: 3305, Time: 00:09:34

Health: -13/46     AC: 13    Str: 19    XL:     7   Next: 95%
Magic:  7/7        EV:  6    Int: 11    God:
Gold:   94         SH: 10    Dex: 14    Spells: 6/6 levels left

rFire    . . .     SeeInvis .   a - +0 long sword
rCold    . . .     Gourm    .   c - +0 shield
rNeg     . . .     Faith    .   p - +0 plate armour (curse)
rPois    +         Spirit   .   (no helmet)
rElec    .         Reflect  .   (no cloak)
rCorr    .         Harm     .   n - +0 pair of gloves
MR       .....                  (no boots)
Stlth    ..........             t - amulet of regeneration
Regen    0.6/turn               e - ring of poison resistance
MPRegen  0.1/turn               (no ring)

@: brilliant
A: mutation resistance 1
a: no special abilities


You were on level 4 of the Dungeon.
You were hungry.

You visited 1 branch of the dungeon, and saw 4 of its levels.

You collected 94 gold pieces.

Inventory:

Hand Weapons
 a - a +0 long sword (weapon)
 l - a +2 hand axe of flaming
Missiles
 j - 24 bolts
Armour
 c - a +0 shield (worn)
 n - a +0 pair of gloves (worn)
 p - a cursed +0 plate armour (worn)
Jewellery
 e - a ring of poison resistance (left hand)
 t - an amulet of regeneration (around neck)
Scrolls
 h - 3 scrolls of remove curse {unknown}
 i - a scroll of blinking {unknown}
 m - a scroll of recharging {unknown}
 q - a scroll of enchant weapon {unknown}
 s - a scroll of identify {unknown}
 v - a scroll of amnesia {unknown}
 y - a scroll of enchant armour {unknown}
Potions
 o - a potion of heal wounds {unknown}
 r - a potion of haste {unknown}
 u - a potion of invisibility {unknown}
 w - a potion of flight {unknown}
Comestibles
 b - a meat ration
 f - 2 bread rations


   Skills:
 + Level 3.6 Fighting
 + Level 5.5 Long Blades
 + Level 5.2 Armour
 + Level 0.7 Dodging
 + Level 0.2 Stealth
 + Level 5.4 Shields


You had 6 spell levels left.
You didn't know any spells.

Dungeon Overview and Level Annotations

Branches:
Dungeon (4/15)
 Temple: D:4-7

Altars:
Fedhas
Makhleb
Qazlal
Sif Muna
Xom

Annotations:
D:4 Pikel


Innate Abilities, Weirdness & Mutations

You are small and have problems with some larger weapons.
You are somewhat resistant to further mutation.


Message History

You completely miss Pikel.
The slave shouts! x2
Pikel completely misses you.
You riposte.
You closely miss Pikel. You barely miss Pikel.
Pikel zaps a wand.
The bolt of acid hits you!
You are splashed with acid!
The acid burns!
* * * LOW HITPOINT WARNING * * *
It is a wand of acid (?/15).
You closely miss Pikel. You block Pikel's attack.
Pikel hits you but does no damage.
You hit Pikel but do no damage. You block Pikel's attack.
Unknown command.
You closely miss Pikel. You block Pikel's attack.
Unknown command.
It was a potion of brilliance.
You feel clever all of a sudden. You block Pikel's attack.
It was a potion of magic.
Magic courses through your body.
Pikel zaps a wand.
The bolt of acid hits you!
Ouch! That really hurt!
You die...

#.###.##...........)
.#.##......#########
###.####...# #
##.###.#'## ##.......##
# ##.###.....##
###.###.......## ##
.#.###.........###p.#..#
.....'.........'@Kpp...#
..####.........####p...#
.## ##.......## #.# ##
##.....## # ##...## ##+#


You could see Pikel and 4 slaves.

Vanquished Creatures
  The ghost of Ivernyr the Archer, an amateur CeHu (D:4)
  Menkaure (D:4)
  An orc priest (D:4)
  2 jellies (D:3)
  Terence (D:2)
  2 orc wizards (D:4)
  A worker ant (D:4)
  The ghost of Peloso the Covered, a weakling HaFi (D:3)
  2 gnolls (D:1)
  2 adders (D:2)
  8 oozes (D:3)
  An adder skeleton (D:4)
  2 dart slugs (D:1)
  A leopard gecko (D:2)
  2 orcs (D:4)
  2 ball pythons (D:1)
  4 giant cockroaches
  7 goblins
  4 hobgoblins
  11 jackals (D:1)
  13 kobolds
  3 quokkas
  5 bats
  7 frilled lizards
  6 rats
90 creatures vanquished.

Vanquished Creatures (others)
  4 fungi (D:3)
  3 toadstools (D:3)
7 creatures vanquished.

Grand Total: 97 creatures vanquished

Notes
Turn   | Place    | Note
-------+----------+-------------------------------------------
     0 | D:1      | Peloso the Halfling Fighter began the quest for the Orb.
     0 | D:1      | Reached XP level 1. HP: 15/15 MP: 1/1
   164 | D:1      | Reached XP level 2. HP: 19/20 MP: 2/2
   419 | D:1      | Reached XP level 3. HP: 18/25 MP: 3/3
  1067 | D:1      | Reached XP level 4. HP: 27/30 MP: 4/4
  1203 | D:1      | Noticed an ogre
  1725 | D:2      | Noticed Terence
  1749 | D:2      | Killed Terence
  1749 | D:2      | Reached XP level 5. HP: 21/36 MP: 5/5
  1859 | D:3      | Noticed Peloso's ghost (weakling HaFi)
  1893 | D:3      | Killed Peloso's ghost
  2070 | D:3      | Found a blossoming altar of Fedhas.
  2076 | D:3      | Found a stormy altar of Qazlal.
  2185 | D:3      | Found a burning altar of Makhleb.
  2370 | D:3      | Reached XP level 6. HP: 39/42 MP: 6/6
  2745 | D:4      | Found a shimmering altar of Xom.
  2745 | D:4      | Found a shimmering altar of Xom.
  2747 | D:4      | Found a shimmering altar of Xom.
  2908 | D:4      | Found a deep blue altar of Sif Muna.
  3060 | D:4      | Noticed Menkaure
  3068 | D:4      | Killed Menkaure
  3068 | D:4      | Reached skill level 5 in Armour
  3068 | D:4      | Reached skill level 5 in Shields
  3068 | D:4      | Reached XP level 7. HP: 10/46 MP: 7/7
  3208 | D:4      | Noticed Ivernyr's ghost (amateur CeHu)
  3239 | D:4      | Killed Ivernyr's ghost
  3239 | D:4      | Reached skill level 5 in Long Blades
  3294 | D:4      | Noticed Pikel
  3305 | D:4      | Killed from afar by Pikel

Skill      XL: |  1  2  3  4  5  6  7 |
---------------+----------------------+-----
Armour         | 4 5 |  5.2
Fighting       | 3 |  3.6
Long Blades    | 3 4 5 |  5.5
Shields        | 4 5 |  5.4
Dodging        | |  0.7
Stealth        | |  0.2

Action                   |  1- 3 |  4- 6 |  7- 9 || total
-------------------------+-------+-------+-------++-------
Melee: Long sword        |    83 |   288 |    40 ||   411
  Use: Potion            |       |       |     3 ||     3
  Eat: Chunk             |       |     6 |       ||     6
       Royal jelly       |       |     1 |       ||     1
Armor: Scale mail        |    35 |     9 |       ||    44
       Plate armour      |       |   136 |     9 ||   145
       Chain mail        |       |    14 |       ||    14
Dodge: Dodged            |    43 |    89 |    10 ||   142
Block: Shield            |    67 |   177 |    19 ||   263
       Rpst.: Long sword |     6 |    34 |     5 ||    45
